 Dungeon Crawl Stone Soup version 0.23.2-1-ga50397a (webtiles) character file.

Game seed: 8248923624285226567

492 kae the Changer (level 6, -4/43 HPs)
             Began as a Demonspawn Transmuter on Apr 16, 2019.
             Slain by Grinder (9 damage)
             ... on level 4 of the Dungeon.
             The game lasted 00:05:22 (5024 turns).

kae the Changer (Demonspawn Transmuter)             Turns: 5024, Time: 00:05:23

Health: -4/43      AC:  2    Str: 11    XL:     6   Next: 91%
Magic:  4/9        EV: 18    Int: 14    God:
Gold:   193        SH:  0    Dex: 20    Spells: 3/9 levels left

rFire    . . .     SeeInvis .     - Unarmed
rCold    . . .     Gourm    .   (shield currently unavailable)
rNeg     . . .     Faith    .   (armour currently unavailable)
rPois    x         Spirit   .   (helmet currently unavailable)
rElec    .         Reflect  .   (cloak currently unavailable)
rCorr    .         Harm     .   (gloves currently unavailable)
MR       .....                  (boots currently unavailable)
Stlth    ++........             (no amulet)
HPRegen  0.14/turn              i - ring of flight
MPRegen  0.11/turn              (no ring)

@: spider-form (expiring), very slightly contaminated, drained
A: tiny, blink, powered by death 2, powered by pain 1
a: End Transformation, Blink, Evoke Flight


You were on level 4 of the Dungeon.
You were not hungry.
You were a venomous arachnid creature.
You visited 1 branch of the dungeon, and saw 4 of its levels.

You collected 193 gold pieces.

Inventory:

Missiles
 a - 51 arrows
Armour
 b - a +1 robe (melded)
 j - a +2 pair of gloves (melded)
 k - a +0 helmet (melded)
Jewellery
 i - a ring of flight (left front leg)
Scrolls
 f - 2 scrolls of remove curse
Potions
 e - 2 potions of curing
 h - a potion of might
Comestibles
 c - 2 chunks of flesh
 d - 6 rations


   Skills:
 - Level 1.0(0.0) Fighting
 - Level 1.7(0.8) Dodging
 * Level 3.8(2.8) Unarmed Combat
 - Level 2.0(1.0) Spellcasting
 + Level 6.3(5.2) Transmutations


You had 3 spell levels left.
You knew the following spells:

 Your Spells              Type           Power        Failure   Level  Hunger
a - Beastly Appendage     Tmut           ###...       11%         1    ##.....
b - Sticks to Snakes      Tmut           ###.....     14%         2    ###....
c - Spider Form           Tmut/Pois      #.........   47%         3    ####...

Your spell library contained the following spells:

 Spells                   Type           Power        Failure   Level  Hunger
 Magic Dart               Conj           #...         47%         1    ##.....
 Blink                    Tloc           N/A          58%         2    ###....
 Call Imp                 Summ           #.......     58%         2    ###....
 Slow                     Hex            #.......     58%         2    ###....
 Conjure Flame            Conj/Fire      #.......     80%         3    ####...
 Mephitic Cloud           Conj/Pois/Air  #.......     80%         3    ####...
 Ice Form                 Ice/Tmut       #.......     83%         4    #####..
 Blade Hands              Tmut           ###.......   83%         5    ######.


Dungeon Overview and Level Annotations

Branches:
Dungeon (4/15)
 Temple: D:4-7

Altars:
Elyvilon
Okawaru
Zin

Annotations:
D:4 Grinder


Innate Abilities, Weirdness & Mutations

((You have razor-sharp toenails.))
You regenerate health from kills.
You sometimes gain a little power by taking damage.
((You are partially covered in icy blue scales. (AC +2)))
You can translocate small distances at will.


Message History

Grinder is lightly wounded.
Grinder hits you.
* * * LOW HITPOINT WARNING * * *
You writhe in agony.
* * * LOW HITPOINT WARNING * * *
Unknown command.
You closely miss Grinder.
Grinder is lightly wounded.
Your transformation is almost over.
Grinder misses you.
Unknown command.
Unknown command.
You hit Grinder but do no damage.
Grinder is lightly wounded.
Grinder barely misses you.
Unknown command.
You closely miss Grinder.
Grinder is lightly wounded.
Grinder hits you!
You die...

###.##.#.#.#.#.#.#.#.#
############.....#.#.#.#.#.#[#.#.
....##.....#.#.##.#.#.#.#)#.#.#.#
...........#.#.#.......5<#(#...l.
...........#.#.........(.#.#.(..#
≈≈(........'.#.#########.#.#.#.##
≈≈≈..#.....###.#.........#......#
♣≈≈..#.....# #.#.###########.#(.#
≈≈≈....##### #.#s..........#g#.g#
≈≈...♣## #.#5#.#.#.....[##.#
....♣♣ #.#.#.#.#.#..g####.# ...♣♣
#.#.#.#.#.#.#.g.ggo.. ..♣♣
+.#.#.#.#.#.#......... ...♣♣
##.#.#.#.#.#.÷........ ....♣♣
#.#.#.#.#.#.#......##. ≈≈...♣
##.#.#.#.#.#.......... ≈≈≈..♣♣
#.#.#.#.#.#.#........#


You could see Grinder.

Vanquished Creatures
  A crimson imp (D:3)
  A hound (D:3)
  An orc priest (D:3)
  2 iguanas
  5 orc wizards
  A hound skeleton (D:4)
  5 gnolls
  2 adders
  2 worms
  A dart slug (D:3)
  19 orcs
  6 giant cockroaches
  2 goblins
  10 hobgoblins
  15 jackals
  A quokka (D:4)
  14 bats
  6 frilled lizards
  7 kobolds
  6 rats
107 creatures vanquished.

Vanquished Creatures (collateral kills)
  An adder (D:2)
1 creature vanquished.

Grand Total: 108 creatures vanquished

Notes
Turn   | Place    | Note
-------+----------+-------------------------------------------
     0 | D:1      | kae the Demonspawn Transmuter began the quest for the Orb.
     0 | D:1      | Reached XP level 1. HP: 15/15 MP: 3/3
    81 | D:1      | Reached skill level 2 in Transmutations
   271 | D:1      | Gained mutation: You regenerate a little health from kills.
                  | [demonic ancestry]
   271 | D:1      | Reached XP level 2. HP: 21/21 MP: 3/5
   462 | D:1      | Reached skill level 3 in Transmutations
   556 | D:1      | Gained mutation: You sometimes gain a little power by
                  | taking damage. [demonic ancestry]
   556 | D:1      | Reached XP level 3. HP: 16/26 MP: 6/6
  1977 | D:2      | Learned a level 2 spell: Sticks to Snakes
  1981 | D:2      | Learned a level 3 spell: Spider Form
  2151 | D:2      | Reached skill level 4 in Transmutations
  2151 | D:2      | Gained mutation: You have sharp toenails. [demonic
                  | ancestry]
  2151 | D:2      | Reached XP level 4. HP: 25/32 MP: 5/7
  2211 | D:2      | Found a glowing silver altar of Zin.
  2856 | D:3      | Reached XP level 5. HP: 25/37 MP: 4/8
  2968 | D:3      | Found an iron altar of Okawaru.
  3168 | D:3      | Reached skill level 5 in Transmutations
  3194 | D:3      | Gained mutation: You are partially covered in icy blue
                  | scales. (AC +2) [potion of mutation]
  3194 | D:3      | Gained mutation: You have razor-sharp toenails. [potion of
                  | mutation]
  3194 | D:3      | Gained mutation: You can translocate small distances at
                  | will. [potion of mutation]
  3753 | D:3      | Gained mutation: You regenerate health from kills. [demonic
                  | ancestry]
  3753 | D:3      | Reached XP level 6. HP: 43/43 MP: 5/9
  3824 | D:3      | Reached skill level 6 in Transmutations
  4325 | D:4      | Found a white marble altar of Elyvilon.
  4399 | D:4      | Noticed Grinder
  5016 | D:4      | Paralysed by Grinder for 3 turns
  5024 | D:4      | Slain by Grinder

Skill      XL: |  1  2  3  4  5  6 |
---------------+-------------------+-----
Transmutations | 2 3 4 5 6 |  6.3
Unarmed Combat | 3 |  3.8
Fighting       | |  1.0
Dodging        | |  1.7
Spellcasting   | |  2.0

Action                   |  1- 3 |  4- 6 || total
-------------------------+-------+-------++-------
Melee: Unarmed           |   190 |   305 ||   495
       Headbutt          |     6 |       ||     6
       Kick              |     2 |    46 ||    48
       Punch             |     1 |       ||     1
 Cast: Beastly Appendage |    14 |       ||    14
       Sticks to Snakes  |     1 |       ||     1
       Spider Form       |       |    16 ||    16
  Use: Scroll            |     2 |     3 ||     5
       Potion            |       |     7 ||     7
 Stab: Sleeping          |     1 |     1 ||     2
       Distracted        |       |     1 ||     1
  Eat: Chunk             |     4 |    13 ||    17
Armor: Robe              |    61 |    65 ||   126
       Skin              |       |     4 ||     4
Dodge: Dodged            |   169 |   207 ||   376
